AoeStats
← KINDSOUL

Arena

510634889Analyzed
1v1 RM · 2d ago on Oct 1, 2026· 47m 34s· 2 players
Game mode
Random Map
Map size
Tiny (2 player)
Population
200
Speed
Normal
Resources
Standard
Victory
Conquest
Starting age
Dark Age
Ending age
Imperial Age
RankedLock teamsTeams togetherTeam positionsShared explorationLock speedFull tech treeHidden civsTurbo modeCheats
Victory
Defeat
🇺🇸 Turks · United States
770
+17
🇦🇷 Khmer · Argentina
799
-17
KINDSOUL
11:33 Feudal Age
16:12 Castle Age
15:30 Gold Mining
15:24 Horse Collar
23:10 Loom
23:12 Town Watch
24:05 Wheelbarrow
28:56 Town Patrol
33:15 Imperial Age
33:25 Imperial Age
39:38 Hand Cart
40:15 Gold Shaft Mining
41:10 Heavy Plow
41:50 Elite Janissary
45:28 Conscription
leomochilonxd
9:18 Feudal Age
12:34 Castle Age
15:50 Loom
21:06 Horse Collar
26:44 Heavy Plow
26:50 Light Cavalry
27:40 Bloodlines
26:53 Light Cavalry
27:44 Bloodlines
41:15 Double-Bit Axe
44:34 Bow Saw
Connection lost

Rejoining the realm…

Still unreachable

The connection could not be restored.

Session expired

The server has moved on; the page needs a fresh start.